TOP OF THE 1ST |
Creighton Blue Jays batting - Pitching for Cincinnati Bearcats : RHP Stan Roberts
|
Pitching: RHP Stan Roberts
|
|
Batting: LHB Marcos Torres
|
0-0: Ground out 4-3 (Groundball, 34)
|
Batting: LHB Pedro Oropesa
|
0-0: Bunt for hit - play at first, batter safe!
|
Batting: RHB Matt Cole
|
0-0: Ball 1-0: Fly out, F7 (Line Drive, 7)
|
Batting: RHB Ed Lindsey
|
0-0: Ball 1-0: Ball 2-0: Reached on error, E6 (Groundball, 6) Pedro Oropesa to second
|
Batting: LHB Steve Edwards
|
0-0: Ball 1-0: Ball 2-0: Called Strike 2-1: Ball 3-1: Base on Balls Pedro Oropesa to third Ed Lindsey to second
|
Batting: RHB Gabriel Santana
|
0-0: Called Strike 0-1: Foul Ball, location: 2F 0-2: Ball 1-2: Strikes out swinging
|
Top of the 1st over - 0 run(s), 1 hit(s), 1 error(s), 3 left on base; Creighton 0 - Cincinnati 0 |
BOTTOM OF THE 1ST |
Cincinnati Bearcats batting - Pitching for Creighton Blue Jays : RHP Tim Murray
|
Pitching: RHP Tim Murray
|
|
Batting: RHB Phil Poole
|
0-0: Ball 1-0: Swinging Strike 1-1: Ball 2-1: Foul Ball, location: 2F 2-2: Fly out, F7 (Flyball, 7)
|
Batting: SHB Pete Potter
|
0-0: Ball 1-0: Called Strike 1-1: Ball 2-1: SINGLE (Flyball, 9S)
|
Batting: LHB Caleb Ruíz
|
0-0: Foul Ball, location: 2F 0-1: Ball 1-1: Swinging Strike 1-2: Ball 2-2: Strikes out swinging
|
Batting: SHB Miguel Price
|
0-0: Ball 1-0: Foul Ball, location: 2F 1-1: Ball 2-1: Ball 3-1: Foul Ball, location: 2F 3-2: Strikes out swinging
|
Bottom of the 1st over - 0 run(s), 1 hit(s), 0 error(s), 1 left on base; Creighton 0 - Cincinnati 0 |
TOP OF THE 2ND |
Creighton Blue Jays batting - Pitching for Cincinnati Bearcats : RHP Stan Roberts
|
Batting: LHB Raúl Hernández
|
0-0: Ball 1-0: Ball 2-0: Called Strike 2-1: Foul Ball, location: 2F 2-2: Ground out 1-3 (Groundball, 13)
|
Batting: RHB Jaime Aguirre
|
0-0: Ball 1-0: Ball 2-0: Called Strike 2-1: Swinging Strike 2-2: Foul Ball, location: 2F 2-2: Strikes out swinging
|
Batting: RHB Michael Carr
|
0-0: Called Strike 0-1: Ground out 5-3 (Groundball, 5L)
|
Top of the 2nd over - 0 run(s), 0 hit(s), 0 error(s), 0 left on base; Creighton 0 - Cincinnati 0 |
BOTTOM OF THE 2ND |
Cincinnati Bearcats batting - Pitching for Creighton Blue Jays : RHP Tim Murray
|
Batting: RHB Craig Porter
|
0-0: Ball 1-0: Foul Ball, location: 2F 1-1: Foul Ball, location: 2F 1-2: Fly out, F7 (Flyball, 7S)
|
Batting: RHB Ralph Summers
|
0-0: SINGLE (Line Drive, 56D)
|
Batting: RHB Kevin Nelson
|
0-0: Swinging Strike 0-1: Ball 1-1: Foul Ball, location: 2F 1-2: Strikes out swinging
|
Batting: RHB Larry O'Sheill
|
0-0: Ball 1-0: Ball Ralph Summers steals 2nd base 2-0: Ball 3-0: Base on Balls
|
Batting: LHB Lee Price
|
0-0: Foul Ball, location: 2F 0-1: Ground out U3 (Groundball, 3)
|
Bottom of the 2nd over - 0 run(s), 1 hit(s), 0 error(s), 2 left on base; Creighton 0 - Cincinnati 0 |
TOP OF THE 3RD |
Creighton Blue Jays batting - Pitching for Cincinnati Bearcats : RHP Stan Roberts
|
Batting: LHB Marcos Torres
|
0-0: Foul Ball, location: 2F 0-1: Ball 1-1: Ball 2-1: Foul Ball, location: 2F 2-2: Ball 3-2: Base on Balls
|
Batting: LHB Pedro Oropesa
|
0-0: Ball 1-0: Foul Ball, location: 2F 1-1: Ground out 4-3 (Groundball, 4S) Marcos Torres to second
|
Batting: RHB Matt Cole
|
0-0: Called Strike 0-1: Foul Ball, location: 2F 0-2: Foul Ball, location: 2F 0-2: Ball 1-2: Foul Ball, location: 2F 1-2: Ball 2-2: Foul Ball, location: 2F 2-2: Foul Ball, location: 2F 2-2: Fly out, F3 (Popup, 3L)
|
Batting: RHB Ed Lindsey
|
0-0: Ball 1-0: Ground out 5-3 (Groundball, 56)
|
Top of the 3rd over - 0 run(s), 0 hit(s), 0 error(s), 1 left on base; Creighton 0 - Cincinnati 0 |
BOTTOM OF THE 3RD |
Cincinnati Bearcats batting - Pitching for Creighton Blue Jays : RHP Tim Murray
|
Batting: RHB Phil Poole
|
0-0: Called Strike 0-1: Swinging Strike 0-2: Ball 1-2: Ground out 6-3 (Groundball, 6S)
|
Batting: SHB Pete Potter
|
0-0: Called Strike 0-1: Ball 1-1: Foul Ball, location: 2F 1-2: Ball 2-2: DOUBLE (Line Drive, 78D)
|
Batting: LHB Caleb Ruíz
|
0-0: Swinging Strike 0-1: Foul Ball, location: 2F 0-2: Ball 1-2: Fly out, F9 (Flyball, 89M)
|
Batting: SHB Miguel Price
|
0-0: Ball 1-0: Called Strike 1-1: Swinging Strike 1-2: Foul Ball, location: 2F 1-2: SINGLE (Groundball, 4MD) Pete Potter to third Runner from 3rd tries for Home, SAFE, no throw
|
Batting: RHB Craig Porter
|
0-0: Swinging Strike 0-1: Ball 1-1: Ball Miguel Price is caught stealing 2nd base
|
Bottom of the 3rd over - 1 run(s), 2 hit(s), 0 error(s), 0 left on base; Creighton 0 - Cincinnati 1 |
TOP OF THE 4TH |
Creighton Blue Jays batting - Pitching for Cincinnati Bearcats : RHP Stan Roberts
|
Batting: LHB Steve Edwards
|
0-0: Ball 1-0: Called Strike 1-1: Ball 2-1: Ball 3-1: Called Strike 3-2: Strikes out swinging
|
Batting: RHB Gabriel Santana
|
0-0: Foul Ball, location: 2F 0-1: Foul Ball, location: 2F 0-2: Foul Ball, location: 2F 0-2: Ball 1-2: Foul Ball, location: 2F 1-2: Ball 2-2: Foul Ball, location: 2F 2-2: Strikes out swinging
|
Batting: LHB Raúl Hernández
|
0-0: Ball 1-0: SINGLE (Line Drive, 9LM)
|
Batting: RHB Jaime Aguirre
|
0-0: Ball Raúl Hernández steals 2nd base 1-0: Ball 2-0: Called Strike 2-1: Ball 3-1: Base on Balls
|
Batting: RHB Michael Carr
|
0-0: Ball 1-0: Ball 2-0: SINGLE (Groundball, 4MD) Raúl Hernández to third Jaime Aguirre to second Runner from 3rd tries for Home, SAFE, throw made at trailing runner, OUT at third!
|
Top of the 4th over - 1 run(s), 2 hit(s), 0 error(s), 1 left on base; Creighton 1 - Cincinnati 1 |
BOTTOM OF THE 4TH |
Cincinnati Bearcats batting - Pitching for Creighton Blue Jays : RHP Tim Murray
|
Batting: RHB Craig Porter
|
0-0: Swinging Strike 0-1: Ground out 6-3 (Groundball, 6)
|
Batting: RHB Ralph Summers
|
0-0: DOUBLE (Flyball, 7)
|
Batting: RHB Kevin Nelson
|
0-0: Ball 1-0: Ball 2-0: Ball 3-0: Base on Balls
|
Batting: RHB Larry O'Sheill
|
0-0: Ball 1-0: Ball 2-0: Swinging Strike 2-1: Swinging Strike 2-2: Strikes out swinging
|
Batting: LHB Lee Price
|
0-0: Fielders Choice at 2nd, 5-4 (Groundball, 5)
|
Bottom of the 4th over - 0 run(s), 1 hit(s), 0 error(s), 1 left on base; Creighton 1 - Cincinnati 1 |
TOP OF THE 5TH |
Creighton Blue Jays batting - Pitching for Cincinnati Bearcats : RHP Stan Roberts
|
Batting: LHB Marcos Torres
|
0-0: Ground out U3 (Groundball, 34)
|
Batting: LHB Pedro Oropesa
|
0-0: Called Strike 0-1: Ball 1-1: Foul Ball, location: 2F 1-2: Ball 2-2: Foul Ball, location: 2F 2-2: Fly out, F7 (Flyball, 78M)
|
Batting: RHB Matt Cole
|
0-0: Called Strike 0-1: Ground out 5-3 (Groundball, 56)
|
Top of the 5th over - 0 run(s), 0 hit(s), 0 error(s), 0 left on base; Creighton 1 - Cincinnati 1 |
BOTTOM OF THE 5TH |
Cincinnati Bearcats batting - Pitching for Creighton Blue Jays : RHP Tim Murray
|
Batting: RHB Phil Poole
|
0-0: Called Strike 0-1: Ground out 6-3 (Groundball, 6)
|
Batting: SHB Pete Potter
|
0-0: Ball 1-0: Ball 2-0: Foul Ball, location: 2F 2-1: Foul Ball, location: 2F 2-2: Ball 3-2: Ground out 4-3 (Groundball, 4)
|
Batting: LHB Caleb Ruíz
|
0-0: Ball 1-0: Called Strike 1-1: Swinging Strike 1-2: Ball 2-2: Ground out 4-3 (Groundball, 4S)
|
Bottom of the 5th over - 0 run(s), 0 hit(s), 0 error(s), 0 left on base; Creighton 1 - Cincinnati 1 |
TOP OF THE 6TH |
Creighton Blue Jays batting - Pitching for Cincinnati Bearcats : RHP Stan Roberts
|
Pitching: RHP Chris Miller
|
|
Batting: RHB Ed Lindsey
|
0-0: Ball 1-0: Foul Ball, location: 2F 1-1: Swinging Strike 1-2: Ball 2-2: Fly out, F4 (Line Drive, 4)
|
Batting: LHB Steve Edwards
|
0-0: Foul Ball, location: 2F 0-1: Fly out, F7 (Flyball, 7LM)
|
Batting: RHB Gabriel Santana
|
0-0: SOLO HOME RUN (Line Drive, 7D), Distance : 370 ft
|
Batting: LHB Raúl Hernández
|
0-0: SINGLE (Line Drive, 9LM)
|
Batting: RHB Jaime Aguirre
|
0-0: Ball Raúl Hernández is caught stealing 2nd base
|
Top of the 6th over - 1 run(s), 2 hit(s), 0 error(s), 0 left on base; Creighton 2 - Cincinnati 1 |
BOTTOM OF THE 6TH |
Cincinnati Bearcats batting - Pitching for Creighton Blue Jays : RHP Tim Murray
|
Pitching: RHP George Williams
|
|
Batting: SHB Miguel Price
|
0-0: Called Strike 0-1: Foul Ball, location: 2F 0-2: Ball 1-2: Strikes out swinging
|
Batting: RHB Craig Porter
|
0-0: Foul Ball, location: 2F 0-1: Ball 1-1: Ball 2-1: Ball 3-1: Called Strike 3-2: Foul Ball, location: 2F 3-2: Foul Ball, location: 2F 3-2: Fly out, F8 (Flyball, 8RM)
|
Batting: RHB Ralph Summers
|
0-0: Called Strike 0-1: Swinging Strike 0-2: Ball 1-2: Fly out, F9 (Line Drive, 9)
|
Bottom of the 6th over - 0 run(s), 0 hit(s), 0 error(s), 0 left on base; Creighton 2 - Cincinnati 1 |
TOP OF THE 7TH |
Creighton Blue Jays batting - Pitching for Cincinnati Bearcats : RHP Chris Miller
|
Batting: RHB Jaime Aguirre
|
0-0: Swinging Strike 0-1: Ball 1-1: Ball 2-1: Swinging Strike 2-2: SINGLE (Flyball, 89S)
|
Batting: RHB Michael Carr
|
0-0: Ball Jaime Aguirre steals 2nd base 1-0: Foul Ball, location: 2F 1-1: Ball 2-1: Foul Ball, location: 2F 2-2: Strikes out looking
|
Batting: LHB Marcos Torres
|
0-0: Intentional Walk
|
Batting: LHB Pedro Oropesa
|
0-0: Called Strike 0-1: Foul Ball, location: 2F 0-2: Strikes out looking
|
Batting: RHB Matt Cole
|
0-0: Ball 1-0: Ball 2-0: Called Strike 2-1: SINGLE (Groundball, 4MS) (infield hit) Jaime Aguirre to third Marcos Torres to second
|
Pinch Hitting: LHB Rob Johnstone
|
0-0: Ball 1-0: Called Strike 1-1: Fly out, F6 (Popup, 6MS)
|
Top of the 7th over - 0 run(s), 2 hit(s), 0 error(s), 3 left on base; Creighton 2 - Cincinnati 1 |
BOTTOM OF THE 7TH |
Cincinnati Bearcats batting - Pitching for Creighton Blue Jays : RHP George Williams
|
Now at 2B: Rob Johnstone
|
|
Batting: RHB Kevin Nelson
|
0-0: Ball 1-0: Ball 2-0: Ball 3-0: Base on Balls
|
Batting: RHB Larry O'Sheill
|
0-0: Swinging Strike 0-1: Called Strike 0-2: Ball 1-2: Strikes out swinging
|
Batting: LHB Lee Price
|
0-0: Ball 1-0: Foul Ball, location: 2F 1-1: Ball 2-1: Fielders Choice at 2nd, 4-6 (Groundball, 4M)
|
Batting: RHB Phil Poole
|
0-0: Ball 1-0: Ball 2-0: Ball 3-0: Base on Balls Lee Price to second
|
Batting: SHB Pete Potter
|
0-0: Swinging Strike 0-1: Ball 1-1: Swinging Strike 1-2: Ball 2-2: Ball 3-2: Foul Ball, location: 2F 3-2: Strikes out looking
|
Bottom of the 7th over - 0 run(s), 0 hit(s), 0 error(s), 2 left on base; Creighton 2 - Cincinnati 1 |
TOP OF THE 8TH |
Creighton Blue Jays batting - Pitching for Cincinnati Bearcats : RHP Chris Miller
|
Batting: LHB Steve Edwards
|
0-0: Ball 1-0: Called Strike 1-1: Fly out, F2 (Popup, 3S)
|
Batting: RHB Gabriel Santana
|
0-0: Called Strike 0-1: Ball 1-1: Foul Ball, location: 2F 1-2: Ball 2-2: Strikes out swinging
|
Batting: LHB Raúl Hernández
|
0-0: Ball 1-0: Ball 2-0: Foul Ball, location: 2F 2-1: Foul Ball, location: 2F 2-2: SINGLE (Line Drive, 56)
|
Batting: RHB Jaime Aguirre
|
0-0: Ball 1-0: Ball 2-0: Foul Ball, location: 2F 2-1: Called Strike 2-2: Ball 3-2: Strikes out looking
|
Top of the 8th over - 0 run(s), 1 hit(s), 0 error(s), 1 left on base; Creighton 2 - Cincinnati 1 |
BOTTOM OF THE 8TH |
Cincinnati Bearcats batting - Pitching for Creighton Blue Jays : RHP George Williams
|
Pitching: RHP David Chávez
|
|
Batting: LHB Caleb Ruíz
|
0-0: Foul Ball, location: 2F 0-1: Swinging Strike 0-2: Ball 1-2: Ground out 1-3 (Groundball, P)
|
Batting: SHB Miguel Price
|
0-0: Ball 1-0: Called Strike 1-1: Fly out, F5 (Popup, 5L)
|
Batting: RHB Craig Porter
|
0-0: SOLO HOME RUN (Line Drive, 78XD), Distance : 374 ft
|
Pinch Hitting: RHB Ron Moore
|
0-0: Swinging Strike 0-1: Ground out 6-3 (Groundball, 6)
|
Bottom of the 8th over - 1 run(s), 1 hit(s), 0 error(s), 0 left on base; Creighton 2 - Cincinnati 2 |
TOP OF THE 9TH |
Creighton Blue Jays batting - Pitching for Cincinnati Bearcats : RHP Chris Miller
|
Pitching: RHP Frank Scott
|
|
Now in CF: Ron Moore
|
|
Pinch Hitting: RHB Carlos Gómez
|
0-0: DOUBLE (Flyball, 89M)
|
Batting: LHB Marcos Torres
|
0-0: Intentional Walk
|
Batting: LHB Pedro Oropesa
|
0-0: Ball 1-0: Ball 2-0: Bunt missed! 2-1: Ball 3-1: Sac Bunt - play at third, runner OUT! 5-6 Marcos Torres to second
|
Batting: RHB Matt Cole
|
0-0: Foul Ball, location: 2F 0-1: Ball 1-1: Called Strike 1-2: Ball 2-2: Foul Ball, location: 2F 2-2: Ball 3-2: SINGLE (Line Drive, 8LS) Marcos Torres to third Pedro Oropesa to second Runner from 3rd tries for Home, throw and OUT!
|
Batting: LHB Rob Johnstone
|
0-0: Swinging Strike 0-1: Foul Ball, location: 2F 0-2: Ball 1-2: Strikes out swinging
|
Top of the 9th over - 0 run(s), 2 hit(s), 0 error(s), 2 left on base; Creighton 2 - Cincinnati 2 |
BOTTOM OF THE 9TH |
Cincinnati Bearcats batting - Pitching for Creighton Blue Jays : RHP David Chávez
|
Pitching: RHP Tommy Estes
|
|
Now at 1B: Carlos Gómez
|
|
Batting: RHB Kevin Nelson
|
0-0: Swinging Strike 0-1: SINGLE (Line Drive, 89M)
|
Batting: RHB Larry O'Sheill
|
0-0: Foul Ball, location: 2F 0-1: Foul Ball, location: 2F 0-2: Foul Ball, location: 2F 0-2: Strikes out swinging
|
Batting: LHB Lee Price
|
0-0: Ball 1-0: Called Strike 1-1: Called Strike 1-2: Ball 2-2: Ball 3-2: Fly out, F7 (Flyball, 7S)
|
Batting: RHB Phil Poole
|
0-0: Ball 1-0: Fly out, F8 (Line Drive, 8RM)
|
Bottom of the 9th over - 0 run(s), 1 hit(s), 0 error(s), 1 left on base; Creighton 2 - Cincinnati 2 |
TOP OF THE 10TH |
Creighton Blue Jays batting - Pitching for Cincinnati Bearcats : RHP Frank Scott
|
Batting: LHB Steve Edwards
|
0-0: Ground out 6-3 (Groundball, 6)
|
Batting: RHB Gabriel Santana
|
0-0: Ball 1-0: Foul Ball, location: 2F 1-1: Ball 2-1: Foul Ball, location: 2F 2-2: Strikes out swinging
|
Batting: LHB Raúl Hernández
|
0-0: Ball 1-0: Ball 2-0: Called Strike 2-1: SINGLE (Groundball, 6MD)
|
Pitching: RHP Anthony McDowell
|
|
Batting: RHB Jaime Aguirre
|
0-0: Called Strike 0-1: Foul Ball, location: 2F 0-2: Strikes out swinging
|
Top of the 10th over - 0 run(s), 1 hit(s), 0 error(s), 1 left on base; Creighton 2 - Cincinnati 2 |
BOTTOM OF THE 10TH |
Cincinnati Bearcats batting - Pitching for Creighton Blue Jays : RHP Tommy Estes
|
Batting: SHB Pete Potter
|
0-0: Called Strike 0-1: Fly out, F7 (Line Drive, 7S)
|
Batting: LHB Caleb Ruíz
|
0-0: Swinging Strike 0-1: Ball 1-1: Foul Ball, location: 2F 1-2: Strikes out swinging
|
Batting: SHB Miguel Price
|
0-0: Called Strike 0-1: DOUBLE (Line Drive, 9LM)
|
Batting: RHB Craig Porter
|
0-0: Ball 1-0: Foul Ball, location: 2F 1-1: Called Strike 1-2: Foul Ball, location: 2F 1-2: Strikes out looking
|
Bottom of the 10th over - 0 run(s), 1 hit(s), 0 error(s), 1 left on base; Creighton 2 - Cincinnati 2 |
TOP OF THE 11TH |
Creighton Blue Jays batting - Pitching for Cincinnati Bearcats : RHP Anthony McDowell
|
Batting: RHB Carlos Gómez
|
0-0: Called Strike 0-1: Foul Ball, location: 2F 0-2: Fly out, F8 (Flyball, 89M)
|
Batting: LHB Marcos Torres
|
0-0: Called Strike 0-1: Ball 1-1: Foul Ball, location: 2F 1-2: Hit by Pitch
|
Batting: LHB Pedro Oropesa
|
0-0: Swinging Strike 0-1: Ball 1-1: Ball 2-1: Ball 3-1: Ground out 5-3 (Groundball, 56) Marcos Torres to second
|
Batting: RHB Matt Cole
|
0-0: Ball 1-0: Ball 2-0: Ball 3-0: Base on Balls
|
Batting: LHB Rob Johnstone
|
0-0: Ball 1-0: Ball 2-0: Called Strike 2-1: Foul Ball, location: 2F 2-2: Strikes out swinging
|
Top of the 11th over - 0 run(s), 0 hit(s), 0 error(s), 2 left on base; Creighton 2 - Cincinnati 2 |
BOTTOM OF THE 11TH |
Cincinnati Bearcats batting - Pitching for Creighton Blue Jays : RHP Tommy Estes
|
Pitching: LHP José Sánchez
|
|
Batting: RHB Ron Moore
|
0-0: Swinging Strike 0-1: Foul Ball, location: 2F 0-2: Strikes out swinging
|
Batting: RHB Kevin Nelson
|
0-0: Foul Ball, location: 2F 0-1: Ball 1-1: Foul Ball, location: 2F 1-2: Foul Ball, location: 2F 1-2: Strikes out swinging
|
Batting: RHB Larry O'Sheill
|
0-0: Foul Ball, location: 2F 0-1: Ball 1-1: Called Strike 1-2: Ball 2-2: Foul Ball, location: 2F 2-2: Ball 3-2: Base on Balls
|
Batting: LHB Lee Price
|
0-0: Called Strike 0-1: SINGLE (Line Drive, 8RM) Larry O'Sheill to second
|
Batting: RHB Phil Poole
|
0-0: Called Strike 0-1: Ball 1-1: Ball 2-1: Called Strike Error on foul ball, E3 2-2: Foul Ball, location: 2F 2-2: Foul Ball, location: 2F 2-2: Ground out 5-3 (Groundball, 56S)
|
Bottom of the 11th over - 0 run(s), 1 hit(s), 1 error(s), 2 left on base; Creighton 2 - Cincinnati 2 |
TOP OF THE 12TH |
Creighton Blue Jays batting - Pitching for Cincinnati Bearcats : RHP Anthony McDowell
|
Batting: LHB Steve Edwards
|
0-0: Called Strike 0-1: Swinging Strike 0-2: Ball 1-2: Ground out 1-3 (Groundball, 15S)
|
Batting: RHB Gabriel Santana
|
0-0: Ball 1-0: Foul Ball, location: 2F 1-1: Foul Ball, location: 2F 1-2: Foul Ball, location: 2F 1-2: Ball 2-2: Ground out 5-3 (Groundball, 5)
|
Batting: LHB Raúl Hernández
|
0-0: Ball 1-0: Called Strike 1-1: Ball 2-1: Swinging Strike 2-2: Foul Ball, location: 2F 2-2: Ball 3-2: Base on Balls
|
Batting: RHB Jaime Aguirre
|
0-0: Called Strike 0-1: Ball 1-1: Ball 2-1: Ball 3-1: Called Strike 3-2: Base on Balls Raúl Hernández to second
|
Batting: RHB Carlos Gómez
|
0-0: Called Strike 0-1: Ball 1-1: Swinging Strike 1-2: Ball 2-2: Strikes out looking
|
Top of the 12th over - 0 run(s), 0 hit(s), 0 error(s), 2 left on base; Creighton 2 - Cincinnati 2 |
BOTTOM OF THE 12TH |
Cincinnati Bearcats batting - Pitching for Creighton Blue Jays : LHP José Sánchez
|
Batting: SHB Pete Potter
|
0-0: Ball 1-0: DOUBLE (Flyball, 8LD)
|
Batting: LHB Caleb Ruíz
|
0-0: Called Strike 0-1: Ball 1-1: Called Strike 1-2: Strikes out swinging
|
Batting: SHB Miguel Price
|
0-0: Intentional Walk
|
Batting: RHB Craig Porter
|
0-0: Called Strike 0-1: Fielders Choice at 2nd, 5-4 (Groundball, 56) Pete Potter to third
|
Batting: RHB Ron Moore
|
0-0: Called Strike 0-1: Ball 1-1: Swinging Strike 1-2: Strikes out swinging
|
Bottom of the 12th over - 0 run(s), 1 hit(s), 0 error(s), 2 left on base; Creighton 2 - Cincinnati 2 |
TOP OF THE 13TH |
Creighton Blue Jays batting - Pitching for Cincinnati Bearcats : RHP Anthony McDowell
|
Batting: LHB Marcos Torres
|
0-0: Swinging Strike 0-1: Ball 1-1: Ball 2-1: Ball 3-1: Base on Balls
|
Batting: LHB Pedro Oropesa
|
0-0: Bunted foul 0-1: Sac Bunt - play at first, batter OUT! 2-4 Marcos Torres to second
|
Batting: RHB Matt Cole
|
0-0: Intentional Walk
|
Batting: LHB Rob Johnstone
|
0-0: Fly out, F5 (Flyball, 56D)
|
Batting: LHB Steve Edwards
|
0-0: Ball 1-0: Ball 2-0: Swinging Strike 2-1: Foul Ball, location: 2F 2-2: Strikes out looking
|
Top of the 13th over - 0 run(s), 0 hit(s), 0 error(s), 2 left on base; Creighton 2 - Cincinnati 2 |
BOTTOM OF THE 13TH |
Cincinnati Bearcats batting - Pitching for Creighton Blue Jays : LHP José Sánchez
|
Batting: RHB Kevin Nelson
|
0-0: Ball 1-0: Foul Ball, location: 2F 1-1: Foul Ball, location: 2F 1-2: Foul Ball, location: 2F 1-2: Strikes out looking
|
Batting: RHB Larry O'Sheill
|
0-0: Ball 1-0: Swinging Strike 1-1: Fly out, F3 (Popup, 34)
|
Batting: LHB Lee Price
|
0-0: Called Strike 0-1: Foul Ball, location: 2F 0-2: Ball 1-2: Strikes out swinging
|
Bottom of the 13th over - 0 run(s), 0 hit(s), 0 error(s), 0 left on base; Creighton 2 - Cincinnati 2 |
TOP OF THE 14TH |
Creighton Blue Jays batting - Pitching for Cincinnati Bearcats : RHP Anthony McDowell
|
Pitching: RHP Cole Snelson
|
|
Batting: RHB Gabriel Santana
|
0-0: Called Strike 0-1: DOUBLE (Flyball, 8LD)
|
Batting: LHB Raúl Hernández
|
0-0: Ground out 3-1 (Groundball, 34) Gabriel Santana to third
|
Batting: RHB Jaime Aguirre
|
0-0: Intentional Walk
|
Batting: RHB Carlos Gómez
|
0-0: Ball 1-0: Foul Ball, location: 2F 1-1: Ball 2-1: Swinging Strike 2-2: Ball 3-2: Fielders Choice at 2nd, 6-4 (Groundball, 6) Gabriel Santana scores
|
Batting: LHB Marcos Torres
|
0-0: Foul Ball, location: 2F 0-1: Called Strike 0-2: Strikes out swinging
|
Top of the 14th over - 1 run(s), 1 hit(s), 0 error(s), 1 left on base; Creighton 3 - Cincinnati 2 |
BOTTOM OF THE 14TH |
Cincinnati Bearcats batting - Pitching for Creighton Blue Jays : LHP José Sánchez
|
Batting: RHB Phil Poole
|
0-0: Ball 1-0: Ball 2-0: Ball 3-0: Called Strike 3-1: Foul Ball, location: 2F 3-2: SINGLE (Line Drive, 4)
|
Batting: SHB Pete Potter
|
0-0: Ball 1-0: Swinging Strike 1-1: SINGLE (Groundball, 6D) Phil Poole to second
|
Pitching: RHP Jim Lewis
|
|
Batting: LHB Caleb Ruíz
|
0-0: Called Strike 0-1: Ball 1-1: Foul Ball, location: 2F 1-2: Ball 2-2: Fly out, F9 (Flyball, 9S)
|
Batting: SHB Miguel Price
|
0-0: Ball 1-0: Called Strike 1-1: Foul Ball, location: 2F 1-2: Ball 2-2: Fielders Choice at 2nd, 3-6 (Groundball, 34) Phil Poole to third
|
Batting: RHB Craig Porter
|
0-0: Foul Ball, location: 2F 0-1: Foul Ball, location: 2F 0-2: Ball 1-2: Ball 2-2: Fly out, F9 (Flyball, 9LMF)
|
Bottom of the 14th over - 0 run(s), 2 hit(s), 0 error(s), 2 left on base; Creighton 3 - Cincinnati 2 |
|